 Dungeon Crawl Stone Soup version 0.26.1-11-gd32895ea62 (webtiles) character file.

Game seed: 7996635150813258848

329 Zeld the Slasher (level 6, -7/42 HPs)
             Began as an Octopode Monk on May 19, 2021.
             Killed from afar by an orc (9 damage)
             ... with a puff of flame
             ... on level 4 of the Dungeon.
             The game lasted 00:04:15 (4923 turns).

Zeld the Slasher (Octopode Monk)                    Turns: 4923, Time: 00:04:15

Health: -7/42      AC:  1    Str: 12    XL:     6   Next: 50%
Magic:  6/6        EV: 14    Int: 12    God:
Gold:   117        SH:  5    Dex: 15    Spells: 5/5 levels left

rFire    . . .     SeeInvis .   o - +0 falchion (holy)
rCold    . . .     Faith    .   (no shield)
rNeg     . . .     Spirit   .   (helmet restricted)
rPois    .         Reflect  +   f - amulet of reflection
rElec    .         Harm     .   n - ring of wizardry
rCorr    .         Rampage  .   j - ring of stealth
Will     .....                  (no ring)
Stlth    ++++......             (no ring)
HPRegen  0.14/turn              (no ring)
MPRegen  0.10/turn              (no ring)
                                (no ring)
                                (no ring)

@: mighty
A: almost no armour, stealthy swim, amphibious, 8 rings, constrict 8, camouflage
1, gelatinous body 1
a: no special abilities


You were on level 4 of the Dungeon.
You visited 1 branch of the dungeon, and saw 4 of its levels.

You collected 273 gold pieces.
You spent 156 gold pieces at shops.

Inventory:

Hand Weapons
 a - a +0 falchion
 o - a +0 falchion of holy wrath (weapon)
 q - a +2 falchion of holy wrath
 r - a +0 falchion
Jewellery
 f - an amulet of reflection (around mantle)
 j - a ring of stealth (right tentacle)
 n - a ring of wizardry (left tentacle)
Wands
 l - a wand of flame (17)
 t - a wand of enslavement (10)
Scrolls
 c - 2 scrolls of fog
 d - a scroll of fear
 g - 3 scrolls of amnesia
 i - 3 scrolls of remove curse
 s - a scroll of magic mapping {unknown}
Potions
 b - a potion of flight {unknown}
 h - a potion of haste {unknown}
 k - 2 potions of lignification {unknown}
 m - a potion of curing {unknown}
 p - a potion of attraction {unknown}
 u - a potion of ambrosia {unknown}
 v - a potion of brilliance {unknown}


   Skills:
 - Level 3.0 Fighting
 * Level 7.1 Long Blades
 - Level 3.0 Dodging
 - Level 2.6 Stealth


You had 5 spell levels left.
You didn't know any spells.
Your spell library was empty.

Dungeon Overview and Level Annotations

Branches:
Dungeon (4/15)
 Temple: D:4-7

Altars:

Shops:
D:4 (


Innate Abilities, Weirdness & Mutations

You cannot wear most types of armour.
You are very stealthy in the water. (Stealth+)
You are amphibious.
You can wear up to eight rings at the same time.
You can use your tentacles to constrict eight enemies at once.
Your skin changes colour to match your surroundings (Stealth+).
Your rubbery body absorbs attacks. (AC +1, EV +1)


Message History

The orc warrior hits you from afar with a +0 halberd!!
* * * LOW HITPOINT WARNING * * *
You are too injured to fight recklessly!
You are too injured to fight recklessly!
You are too injured to fight recklessly!
You are too injured to fight recklessly!
You are too injured to fight recklessly!
You slash the orc!
You kill the orc!
The orc warrior misses you.
You hit the orc warrior. Your grab misses the orc warrior.
The orc warrior is moderately wounded.
The orc warrior barely misses you.
The orc zaps a wand.
The puff of flame hits you!
* * * LOW HITPOINT WARNING * * *
You slash the orc warrior! You grab the orc warrior.
The orc warrior is severely wounded.
You constrict the orc warrior, but do no damage.
The orc zaps a wand.
The puff of flame hits you!
You die...

####.....#............
#....................
#....................
#..............###.<.
#..............# #...
#..............# #...
#..............# #...
#..............# #...
#...@)o........# #...
#...o....####### #...
########## #.##


You could see an orc warrior and an orc.

Vanquished Creatures
  2 howler monkeys (D:4)
  An orc wizard (D:4)
  2 worker ants (D:4)
  3 gnolls (D:4)
  8 adders
  An ooze (D:3)
  An adder skeleton (D:4)
  A worm (D:4)
  2 leopard geckos
  7 orcs
  3 giant cockroaches
  3 goblins
  5 hobgoblins
  2 jackals (D:3)
  12 kobolds
  A ball python (D:3)
  5 bats
  4 frilled lizards
  5 rats
68 creatures vanquished.

Notes
Turn   | Place    | Note
-------+----------+-------------------------------------------
     0 | D:1      | Zeld the Octopode Monk began the quest for the Orb.
     0 | D:1      | Reached XP level 1. HP: 16/16 MP: 1/1
   405 | D:1      | Reached XP level 2. HP: 18/21 MP: 2/2
  1327 | D:2      | Reached skill level 4 in Long Blades
  1327 | D:2      | Reached XP level 3. HP: 22/26 MP: 3/3
  1737 | D:2      | Reached XP level 4. HP: 23/31 MP: 4/4
  1970 | D:3      | Found a faded altar of an unknown god.
  1974 | D:3      | Reached skill level 5 in Long Blades
  3119 | D:4      | Found Fitipp's Antique Weapon Boutique.
  3124 | D:4      | Bought a glowing long sword for 156 gold pieces
  3156 | D:4      | Reached XP level 5. HP: 29/36 MP: 5/5
  3172 | D:4      | Reached skill level 6 in Long Blades
  3242 | D:4      | Reached XP level 6. HP: 24/42 MP: 6/6
  3919 | D:4      | Noticed an orc warrior
  3947 | D:4      | HP: 2/42 [orc wizard/magic dart (9)]
  3951 | D:4      | Reached skill level 7 in Long Blades
  4241 | D:4      | Identified the +5 ring mail "Exo Zuwk" {Regen+ Int+5 SInv}
  4922 | D:4      | HP: 2/42 [orc/puff of flame (9)]
  4923 | D:4      | Killed from afar by an orc

Illustrated notes

Levels and vault maps discovered:
D:1:      minmay_arrival_four_circles, layout_basic
D:2:      layout_rooms
D:3:      layout_basic, chequers_ecumenical_altar_island
D:4:      layout_basic, serial_shops, shop_fountains

Skill      XL: |  1  2  3  4  5  6 |
---------------+-------------------+-----
Long Blades    | 4 5 6 7 |  7.1
Fighting       | |  3.0
Dodging        | |  3.0
Stealth        | |  2.6

Action                   |  1- 3 |  4- 6 || total
-------------------------+-------+-------++-------
Melee: Falchion          |    46 |    91 ||   137
       Constrict         |    19 |    30 ||    49
       Tentacles         |    12 |    16 ||    28
Evoke: Wand              |       |     2 ||     2
  Use: Scroll            |       |    10 ||    10
       Potion            |       |     2 ||     2
 Stab: Sleeping          |    12 |     5 ||    17
Armor: Skin              |     7 |     3 ||    10
Dodge: Dodged            |    27 |    60 ||    87
Block: Other             |       |    13 ||    13
       Rpst.: Falchion   |     7 |    18 ||    25
